 Dungeon Crawl Stone Soup version 0.16-a0-3939-g9a3e665 (webtiles) character file.

172 DEFE the Shield-Bearer (level 5, -7/43 HPs)
             Began as a Formicid Fighter on Feb 6, 2015.
             Killed by nerve-wracking pain
             ... invoked by Grinder
              (8 damage)
             ... on level 3 of the Dungeon.
             The game lasted 00:04:04 (2546 turns).

DEFE the Shield-Bearer (Formicid Fighter)           Turns: 2546, Time: 00:04:04

Health: -7/43      AC: 17    Str: 21    XL:     5   Next: 82%
Magic:  7/7        EV:  1    Int:  8    God:
Gold:   146        SH:  9    Dex: 10    Spells: 0 memorised, 4 levels left

rFire  . . .     SeeInvis +     a - +0 long sword
rCold  . . .     Clarity  .     k - +1 crystal plate armour
rNeg   . . .     SustAb   .     c - +0 shield
rPois  .         Gourm    .     (helmet unavailable)
rElec  .         Spirit   .     (no cloak)
rCorr  .         Warding  .     (no gloves)
rMut   .         Stasis   +     (no boots)
MR     .....                    (no amulet)
Stlth  ..........               (no ring)
                                (no ring)

@: not resistant to hostile enchantments, extremely unstealthy
A: permanent stasis, dig shafts and tunnels, four strong arms, antennae 3
a: Dig, Shaft Self


You were on level 3 of the Dungeon.
You were very hungry.

You visited 1 branch of the dungeon, and saw 3 of its levels.

You collected 146 gold pieces.

Inventory:

Hand weapons
 a - a +0 long sword (weapon)
Armour
 b - a +0 scale mail
 c - a +0 shield (worn)
 g - a +0 plate armour
 k - a +1 crystal plate armour (worn)
 m - a +0 large shield
Jewellery
 i - an uncursed amulet of regeneration {unknown}
Comestibles
 d - a bread ration


   Skills:
 + Level 4.4 Fighting
 + Level 3.2 Long Blades
 + Level 4.4 Armour
 + Level 4.5 Shields


You had 4 spell levels left.
You didn't know any spells.

Dungeon Overview and Level Annotations

Branches:
Dungeon (3/15)

Altars:
Elyvilon
Gozag
Kikubaaqudgha
Okawaru

Annotations:
D:3 Grinder, Robin


Innate Abilities, Weirdness & Mutations

You are under a permanent stasis effect.
You can dig through walls and to a lower floor.
Your four strong arms can wield two-handed weapons with a shield.
You have a pair of large antennae on your head (SInv).


Message History

The goblin hits you with a club. Grinder hits you.
You writhe in agony.
* * * LOW HITPOINT WARNING * * *
You completely miss Grinder.
Grinder is severely wounded.
You block the goblin's attack. Grinder hits you but does no damage.
Your shield and crystal plate armour prevent you from hitting Grinder.
Grinder is severely wounded.
The goblin hits you but does no damage. Grinder gestures at you.
Pain shoots through your body!
* * * LOW HITPOINT WARNING * * *
The goblin hits you but does no damage. Grinder hits you.
* * * LOW HITPOINT WARNING * * *
You writhe in agony.
* * * LOW HITPOINT WARNING * * *
You closely miss Grinder.
Grinder is severely wounded.
Grinder gestures at you. Pain shoots through your body!
You die...

#.# ### #. #.# ##.##
#. #.###.#.## #. { {
#.##.###.## #. {{ {
#.#.## ##.####. #..##
##..... #.#.##
##.####.
..##########.##.###.##
##
#..grgggg@##.###.#.##
# ..#######5##.# ##.##
# #.##.# #.# # #.##.#
#.# # ### #.##.# #.# #
..# #)##.# #.# # #.#
#.##.# #.# # #.#
#(##.# #.# # #.#
#(##.# ##.## .


You could see Grinder, Robin, 4 goblins and a rat.

Vanquished Creatures
  An ogre (D:3)
  An orc wizard (D:3)
  An orc priest (D:2)
  Terence (D:2)
  2 adders (D:2)
  2 worms
  An ooze (D:2)
  8 orcs
  3 bats
  3 giant cockroaches
  10 goblins
  10 hobgoblins
  3 jackals
  9 kobolds
  2 giant newts
  4 rats (D:1)
61 creatures vanquished.

Notes
Turn   | Place    | Note
--------------------------------------------------------------
     0 | D:1      | DEFE, the Formicid Fighter, began the quest for the Orb.
     0 | D:1      | Reached XP level 1. HP: 18/18 MP: 1/1
   128 | D:1      | Reached XP level 2. HP: 20/24 MP: 3/3
   546 | D:1      | Reached XP level 3. HP: 26/29 MP: 4/4
   760 | D:2      | Noticed Terence
   784 | D:2      | Killed Terence
   784 | D:2      | Reached skill level 4 in Armour
   830 | D:2      | Reached XP level 4. HP: 34/37 MP: 5/5
   855 | D:2      | Found an iron altar of Okawaru.
   908 | D:2      | Found an opulent altar of Gozag.
  1465 | D:2      | Reached XP level 5. HP: 26/42 MP: 7/7
  1843 | D:3      | Found a white marble altar of Elyvilon.
  1950 | D:3      | Found an ancient bone altar of Kikubaaqudgha.
  2098 | D:3      | Noticed an ogre
  2108 | D:3      | Killed an ogre
  2503 | D:3      | Noticed Grinder
  2507 | D:3      | Noticed Robin
  2545 | D:3      | HP: 1/43 [Grinder (5)]
  2546 | D:3      | Killed from afar by Grinder

Action                   |  1- 3 |  4- 6 || total
-------------------------+-------+-------++-------
Melee: Long sword        |   109 |   231 ||   340
  Use: Potion            |       |     5 ||     5
       Scroll            |       |     2 ||     2
 Stab: Distracted        |       |     1 ||     1
  Eat: Chunk             |       |     5 ||     5
